 Dungeon Crawl Stone Soup version 0.22-a0-303-g4a852b3 (webtiles) character file.

245 galech the Shield-Bearer (level 5, -11/47 HPs)
             Began as a Minotaur Fighter on Mar 27, 2018.
             Mangled by Nib's ghost (12 damage)
             ... on level 4 of the Dungeon.
             The game lasted 00:03:23 (1846 turns).

galech the Shield-Bearer (Minotaur Fighter)         Turns: 1846, Time: 00:03:24

Health: -11/47     AC:  7    Str: 20    XL:     5   Next: 83%
Magic:  4/4        EV: 11    Int:  5    God:
Gold:   114        SH: 10    Dex: 11    Spells: 4/4 levels left

rFire    . . .     SeeInvis .   a - +0 war axe
rCold    . . .     Gourm    .   c - +0 shield
rNeg     + . .     Faith    .   b - +0 scale mail
rPois    .         Spirit   .   (helmet restricted)
rElec    .         Reflect  .   (no cloak)
rCorr    .         Harm     .   (no gloves)
MR       .....                  (no boots)
Stlth    ..........             (no amulet)
HPRegen  0.15/turn              v - ring of positive energy
MPRegen  0.09/turn              o - +3 ring of evasion

@: no status effects
A: retaliatory headbutt, horns 2
a: no special abilities


You were on level 4 of the Dungeon.
You were not hungry.

You visited 1 branch of the dungeon, and saw 4 of its levels.

You collected 114 gold pieces.

Inventory:

Hand Weapons
 a - a +0 war axe (weapon)
Armour
 b - a +0 scale mail (worn)
 c - a +0 shield (worn)
Jewellery
 i - an uncursed ring of ice
 o - a +3 ring of evasion (right hand)
 p - an uncursed ring of fire
 v - a ring of positive energy (left hand)
 z - an uncursed ring of ice
Wands
 y - a wand of acid (7)
Scrolls
 h - 3 scrolls of teleportation {unknown}
 j - a scroll of fog {unknown}
 l - 2 scrolls of identify {unknown}
 m - 2 scrolls of remove curse {unknown}
 n - a scroll of enchant weapon {unknown}
 q - 3 scrolls of enchant armour {unknown}
 u - a scroll of magic mapping {unknown}
 x - 2 scrolls of fear {unknown}
Potions
 d - a potion of might
 e - 4 potions of degeneration {unknown}
 g - 3 potions of curing {unknown}
 r - a potion of ambrosia {unknown}
 s - a potion of flight {unknown}
 t - a potion of resistance {unknown}
 w - 2 potions of lignification {unknown}
Comestibles
 f - 5 rations
 k - 2 chunks of flesh


   Skills:
 + Level 4.3 Fighting
 + Level 4.9 Axes
 + Level 4.7 Armour
 + Level 1.2 Dodging
 + Level 0.1 Stealth
 + Level 5.0 Shields


You had 4 spell levels left.
You didn't know any spells.

Dungeon Overview and Level Annotations

Branches:
Dungeon (4/15)
 Temple: D:4-7

Altars:
Gozag

Annotations:
D:4 Nib's ghost, amateur DsGl


Innate Abilities, Weirdness & Mutations

You reflexively headbutt those who attack you in melee.
You have a pair of horns on your head.


Message History

You are too injured to fight recklessly!
You are too injured to fight recklessly!
You are too injured to fight recklessly!
You completely miss Nib's ghost.
Nib's ghost is moderately damaged.
Nib's ghost closely misses you. Nib's ghost hits you!
* * * LOW HITPOINT WARNING * * *
You hit Nib's ghost but do no damage. You headbutt Nib's ghost!
Nib's ghost is heavily damaged.
Nib's ghost hits you.
* * * LOW HITPOINT WARNING * * *
Some of the chunks of flesh in your inventory have rotted away.
You completely miss Nib's ghost.
Nib's ghost is heavily damaged.
Nib's ghost hits you!
* * * LOW HITPOINT WARNING * * *
You hit Nib's ghost but do no damage.
Nib's ghost is heavily damaged.
You block Nib's ghost's attack. Nib's ghost hits you!
You die...

...................###..
.........####.....)# #..
.........#.†.......# #..
.............#.....# ##.
...........######### #.
.......#.### #######.
.####..# #....... ##..##
#....... #..@.#
####.......
#...W)................
.........########.......
..%...#... #.......
..$....##.# #.....[.
....... .# #...#####
....... .# #.#. .......
.# #.#. # #


You could see Nib's ghost.

Vanquished Creatures
  An ice beast (D:4)
  An orc wizard (D:3)
  2 adders
  An ooze (D:3)
  2 worms
  3 dart slugs
  6 leopard geckos
  5 orcs
  4 bats (D:3)
  6 giant cockroaches
  8 goblins
  6 hobgoblins
  6 jackals
  8 kobolds
  A quokka (D:4)
  6 frilled lizards
  A giant cockroach zombie (D:3)
  5 rats
72 creatures vanquished.

Notes
Turn   | Place    | Note
-------+----------+-------------------------------------------
     0 | D:1      | galech the Minotaur Fighter began the quest for the Orb.
     0 | D:1      | Reached XP level 1. HP: 19/19 MP: 0/0
   237 | D:1      | Reached skill level 4 in Shields
   237 | D:1      | Reached XP level 2. HP: 21/27 MP: 1/1
   618 | D:2      | Reached XP level 3. HP: 25/33 MP: 2/2
   854 | D:2      | Found an opulent altar of Gozag.
  1191 | D:3      | Reached XP level 4. HP: 40/40 MP: 3/3
  1776 | D:4      | Noticed an ice beast
  1786 | D:4      | Killed an ice beast
  1786 | D:4      | Reached skill level 5 in Shields
  1786 | D:4      | Reached XP level 5. HP: 36/47 MP: 4/4
  1808 | D:4      | Reached skill level 1 in Dodging
  1834 | D:4      | Noticed Nib's ghost (amateur DsGl)
  1845 | D:4      | HP: 1/47 [Nib's ghost (8)]
  1846 | D:4      | Mangled by Nib's ghost

Vault maps used:
D:1:      sevenhm_arrival_forest_fort_small_4
D:2:      nicolae_gozag_cash_rules_everything_around_me,
          minmay_randomly_rotated_circles
D:3:      minmay_misc_feat_hallway
D:4:      lemuel_upstairs_altar, serial_shops, shop

Skill      XL: |  1  2  3  4  5 |
---------------+----------------+-----
Shields        | 4 5 |  5.0
Fighting       | 4 |  4.3
Armour         | 4 |  4.7
Axes           | 3 4 |  4.9
Dodging        | 1 |  1.2
Stealth        | |  0.1

Action                   |  1- 3 |  4- 6 || total
-------------------------+-------+-------++-------
Melee: War axe           |    98 |    76 ||   174
       Headbutt          |    15 |    11 ||    26
  Eat: Chunk             |     1 |     2 ||     3
Armor: Scale mail        |    36 |    24 ||    60
Dodge: Dodged            |    42 |    24 ||    66
Block: Shield            |    53 |    37 ||    90

Table legend:
 A = Spawn XP
 B = Non-spawn XP
 C = Spawn XP percentage of total XP
 D = Spawn monster count
 E = Non-spawn monster count
 F = Spawn count percentage of total count
 G = Total turns spent on level
                    A         B        C        D         E        F      G
               +---------+---------+-------+---------+---------+-------+---------
         Total |       0 |     350 |   0.0 |       0 |      72 |   0.0 |  1846
               +---------+---------+-------+---------+---------+-------+---------
           D:1 |       0 |      14 |   0.0 |       0 |       7 |   0.0 |   436
           D:2 |       0 |      58 |   0.0 |       0 |      25 |   0.0 |   525
           D:3 |       0 |     120 |   0.0 |       0 |      35 |   0.0 |   756
           D:4 |       0 |     158 |   0.0 |       0 |       5 |   0.0 |   129
               +---------+---------+-------+---------+---------+-------+---------
